 Dungeon Crawl Stone Soup version 0.22-b1-59-g0aedee7 (webtiles) character file.

2426 nicolaieve the Basher (level 9, -5/71 HPs)
             Began as a Minotaur Berserker on Aug 9, 2018.
             Was a High Priest of Trog.
             Slain by an orc warrior
             ... wielding a +0 battleaxe
              (8 damage)
             ... on level 7 of the Dungeon.
             The game lasted 00:23:13 (4988 turns).

nicolaieve the Basher (Minotaur Berserker)          Turns: 4988, Time: 00:23:13

Health: -5/71      AC: 15    Str: 22    XL:     9   Next: 24%
Magic:  8/8        EV:  7    Int:  4    God:    Trog [*****.]
Gold:   362        SH:  8    Dex: 13    Spells: 8/8 levels left

rFire    . . .     SeeInvis .   o - +0 whip
rCold    . . .     Gourm    .   s - +2 buckler
rNeg     . . .     Faith    .   q - +0 plate armour
rPois    .         Spirit   .   (helmet restricted)
rElec    .         Reflect  .   u - +1 cloak
rCorr    .         Harm     .   l - +0 pair of gloves
MR       .....                  (no boots)
Stlth    ..........             (no amulet)
HPRegen  0.21/turn              (no ring)
MPRegen  0.11/turn              (no ring)

@: berserk cooldown, slowed, drained, very slow
A: retaliatory headbutt, horns 2
a: Berserk, Trog's Hand, Brothers in Arms, Renounce Religion


You were on level 7 of the Dungeon.
You worshipped Trog.
Trog was extremely pleased with you.
You were not hungry.

You visited 1 branch of the dungeon, and saw 8 of its levels.

You collected 362 gold pieces.

Inventory:

Hand Weapons
 o - a +0 whip (weapon)
Armour
 l - a +0 pair of gloves (worn)
 q - a +0 plate armour (worn)
 s - a +2 buckler (worn)
 u - a +1 cloak (worn)
Jewellery
 m - an uncursed ring of poison resistance {unknown}
 r - a cursed -3 ring of intelligence {unknown}
 t - a cursed -2 ring of intelligence {unknown}
Wands
 d - a wand of flame (15)
 w - a wand of disintegration (16)
 E - a wand of iceblast (7)
Scrolls
 b - a scroll of immolation {unknown}
 f - 2 scrolls of teleportation {unknown}
 g - a scroll of enchant weapon {unknown}
 j - 7 scrolls of identify {unknown}
 p - a scroll of magic mapping {unknown}
 y - a scroll of fog {unknown}
 z - a scroll of blinking {unknown}
 B - a scroll of summoning {unknown}
 C - a scroll of fear {unknown}
Potions
 a - 3 potions of haste {unknown}
 e - 3 potions of ambrosia {unknown}
 h - 2 potions of flight {unknown}
 i - 2 potions of heal wounds {unknown}
 k - 2 potions of might {unknown}
 n - 2 potions of agility {unknown}
 v - a potion of brilliance {unknown}
 x - 2 potions of curing {unknown}
 A - a potion of lignification {unknown}
 D - a potion of degeneration {unknown}
Comestibles
 c - 5 rations


   Skills:
 + Level 4.2(4.1) Fighting
 - Level 12.0(11.9) Maces & Flails
 + Level 3.8 Armour
 + Level 2.1 Dodging
 - Level 8.2 Shields


You had 8 spell levels left.
You didn't know any spells.
Your spell library was empty.

Dungeon Overview and Level Annotations

Branches:
Dungeon (8/15)             Temple (0/1) D:7
   Lair: D:8-11

Altars:
Cheibriados
Wu Jian

Shops:
D:4 =


Innate Abilities, Weirdness & Mutations

You reflexively headbutt those who attack you in melee.
You have a pair of horns on your head.


Message History

Your skin crawls.
You feel resistant to hostile enchantments.
You feel somewhat more hungry.
You feel the effects of Trog's Hand fading.
The orc warrior barely misses you. You furiously retaliate!
You headbutt the orc warrior, but do no damage.
Unknown command.
There is a stone staircase leading up here.
The orc warrior hits you with a battleaxe.
* * * LOW HITPOINT WARNING * * *
The orc priest looks satisfied for a moment.
The phantom blinks!
You climb upwards.
Your skin stops crawling.
You feel less resistant to hostile enchantments.
There is a stone staircase leading down here.
You whack the orc warrior! You headbutt the orc warrior!
The orc warrior is heavily wounded.
The orc warrior hits you with a battleaxe!
You die...

###########
#.........#
#.#######+########
#.................
#.................
#................#
#.......#+#......'
#o....#.#.#.)....#
#@....+..........'
#.....#.#.)......#
##.....#.#)######.#
#........#........#
#.......##...<#####
#.......###.### #.
#.......# #.# #.
#.......# #.# #.
#.......# #.######.


You could see an orc warrior.

Vanquished Creatures
  A hippogriff (D:7)
  Prince Ribbit (D:7)
  A hungry ghost (D:8)
  Duvessa (D:7)
  A phantom (D:4)
  An ice beast (D:6)
  A black bear (D:7)
  2 ogres
  A centaur (D:6)
  3 bullfrogs (D:6)
  Dowan (D:7)
  A scorpion (D:5)
  2 killer bees (D:8)
  3 crimson imps
  2 hounds
  A centaur skeleton (D:5)
  2 jellies
  4 orc wizards
  An orc priest (D:4)
  Crazy Yiuf (D:4)
  6 iguanas
  4 worker ants
  A hound skeleton (D:4)
  9 adders
  A shadow imp (D:6)
  An ooze (D:3)
  An adder zombie (D:7)
  4 worms
  2 dart slugs
  3 leopard geckos
  16 orcs
  7 bats
  5 giant cockroaches
  10 goblins
  A hobgoblin (D:3)
  12 jackals
  8 quokkas
  6 frilled lizards
  11 kobolds
  A quokka skeleton (D:7)
  6 rats
146 creatures vanquished.

Notes
Turn   | Place    | Note
-------+----------+-------------------------------------------
     0 | D:1      | nicolaieve the Minotaur Berserker began the quest for the Orb.
     0 | D:1      | Reached XP level 1. HP: 19/19 MP: 0/0
   124 | D:1      | Reached skill level 4 in Maces & Flails
   186 | D:1      | Reached XP level 2. HP: 26/26 MP: 1/1
   514 | D:2      | Reached skill level 5 in Maces & Flails
   520 | D:2      | Reached XP level 3. HP: 28/31 MP: 2/2
  1023 | D:2      | Reached ** piety under Trog
  1045 | D:2      | Found a snail-covered altar of Cheibriados.
  1059 | D:2      | Reached skill level 6 in Maces & Flails
  1059 | D:2      | Reached XP level 4. HP: 38/39 MP: 3/3
  1349 | D:3      | Found an ornate altar of the Wu Jian Council.
  1606 | D:3      | Reached skill level 7 in Maces & Flails
  1606 | D:3      | Reached XP level 5. HP: 45/45 MP: 4/4
  2173 | D:4      | Reached *** piety under Trog
  2368 | D:4      | Reached skill level 8 in Maces & Flails
  2489 | D:4      | Reached XP level 6. HP: 36/51 MP: 5/5
  2555 | D:4      | Reached skill level 9 in Maces & Flails
  2895 | D:4      | Found Vavun's Jewellery Emporium.
  2980 | D:4      | Found a runed door.
  3083 | D:4      | Noticed Crazy Yiuf
  3089 | D:4      | Killed Crazy Yiuf
  3089 | D:4      | Reached XP level 7. HP: 41/57 MP: 6/6
  3142 | D:5      | Entered Level 5 of the Dungeon
  3258 | D:5      | Reached skill level 10 in Maces & Flails
  3358 | D:5      | Reached **** piety under Trog
  3458 | D:5      | Reached skill level 1 in Shields
  3559 | D:6      | Reached skill level 11 in Maces & Flails
  3586 | D:6      | Reached XP level 8. HP: 56/64 MP: 7/7
  3888 | D:6      | Reached skill level 12 in Maces & Flails
  4237 | D:7      | Reached skill level 5 in Shields
  4273 | D:7      | Noticed Prince Ribbit
  4282 | D:7      | Killed Prince Ribbit
  4529 | D:7      | Noticed Duvessa
  4529 | D:7      | Noticed Dowan
  4549 | D:7      | Killed Duvessa
  4555 | D:7      | Killed Dowan
  4555 | D:7      | Reached XP level 9. HP: 70/70 MP: 8/8
  4684 | D:7      | Found a staircase to the Ecumenical Temple.
  4971 | D:8      | Reached ***** piety under Trog
  4983 | D:8      | HP: 2/71 [orc warrior/battleaxe (9)]
  4988 | D:7      | Slain by an orc warrior

Skill      XL: |  1  2  3  4  5  6  7  8  9 |
---------------+----------------------------+-----
Maces & Flails | 4 5 6 7 8 9 11 12 | 12.0
Shields        | 1 7 8 |  8.2
Armour         | 3 |  3.8
Fighting       | 4 |  4.2
Dodging        | |  2.1

Action                   |  1- 3 |  4- 6 |  7- 9 || total
-------------------------+-------+-------+-------++-------
Melee: Mace              |    76 |    70 |       ||   146
       Headbutt          |    12 |    35 |    61 ||   108
       Whip              |       |   114 |   240 ||   354
Invok: Berserk           |       |     1 |     5 ||     6
       Trog's Hand       |       |       |     1 ||     1
  Eat: Chunk             |     1 |     7 |    10 ||    18
       Ration            |       |       |     1 ||     1
Armor: Chain mail        |    52 |    62 |       ||   114
       Plate armour      |       |    23 |    86 ||   109
Dodge: Dodged            |    38 |    61 |    49 ||   148
Block: Buckler           |       |     8 |    48 ||    56
